 Dungeon Crawl Stone Soup version 0.19.4-25-g1b72edd (console) character file.

138592 Grinner the Unseen (level 16, -14/79 HPs)
             Began as a Spriggan Fighter on Feb 28, 2017.
             Was the Champion of Jiyva (penitent).
             Demolished by a frost giant
             ... wielding a +0 battleaxe of freezing
             ... created by the fury of Okawaru
              (38 damage)
             ... in the Desolation of Salt on Mar 1, 2017.
             The game lasted 03:02:04 (36030 turns).

Grinner the Unseen (Spriggan Fighter)              Turns: 36030, Time: 03:02:05

Health: -14/79     AC:  9    Str: 18    XL:     16   Next: 41%
Magic:  35/35      EV: 35    Int: 21    God:    Jiyva [*]
Gold:   1143       SH: 17    Dex: 24    Spells: 4 memorised, 12 levels left

rFire  + . .     SeeInvis +     V - +7 rapier (venom)
rCold  + . .     Gourm    .     z - +2 robe {rC+}
rNeg   + + .     Faith    .     L - +1 buckler
rPois  +         Spirit   .     U - +2 hat {Int+3}
rElec  .         Reflect  +     e - +2 cloak {rPois}
rCorr  .         Harm     .     (gloves unavailable)
MR     ++++.     Clarity  +     (boots unavailable)
Stlth  ++++++++..               d - +6 amulet of reflection
                                w - ring "Pihoc" {rN++ MP+9}
                                O - ring of Cisimez {MR+ Str+7 Int+5 Dex+4}

@: very slightly contaminated, slowed, quick
A: unfitting armour, see invisible, clarity, fire resistance 1, herbivore 3,
speed 3, magic resistance 1, slow metabolism 2
a: Renounce Religion
}: 1/15 runes: slimy


You were in the Desolation of Salt.
You worshipped Jiyva.
Jiyva was demanding penance.
You were very full.

You visited 8 branches of the dungeon, and saw 33 of its levels.
You also visited: Sewer and Desolation.

You collected 2477 gold pieces.
You spent 1334 gold pieces at shops.

Inventory:

Hand Weapons
 a - a +2 dagger of venom
 b - a +0 dagger of electrocution
 x - a +2 long sword of protection
 V - a +7 rapier of venom (weapon)
 W - the +1 rapier "Maheis" {flame, +Rage +Fly Int+6}
   (You found it on level 15 of the Dungeon)

   It has been specially enchanted to burn those struck by it, causing extra
   injury to most foes and up to half again as much damage against particularly
   susceptible opponents.
   It affects your intelligence (+6).
   It lets you fly.
   It lets you go berserk.
Armour
 e - a +2 cloak of poison resistance (worn)
 z - a +2 robe of cold resistance (worn)
 A - +0 steam dragon scales
 L - a +1 buckler (worn)
 U - a +2 hat of intelligence (worn)
Rods
 Y - a +1 rod of clouds (11/11)
   (You bought it in a shop on level 4 of the Dungeon)
Jewellery
 d - a +6 amulet of reflection (around neck)
 s - an uncursed amulet of regeneration
 w - the ring "Pihoc" (right hand) {rN++ MP+9}
   (You found it on level 9 of the Dungeon)

   [ring of magical power]

   It greatly protects you from negative energy.
   It affects your magic capacity (+9).
 H - an uncursed ring of flight
 O - the ring of Cisimez (left hand) {MR+ Str+7 Int+5 Dex+4}
   (You found it on level 5 of the Pits of Slime)

   [ring of intelligence]

   It affects your strength (+7).
   It affects your intelligence (+5).
   It affects your dexterity (+4).
   It affects your resistance to hostile enchantments.
 Q - the ring "Dezearr" {Wiz Dex+5}
   (You found it on level 5 of the Pits of Slime)

   [ring of wizardry]

   It improves your spell success rate.
   It affects your dexterity (+5).
 S - an uncursed ring of stealth
Wands
 c - a wand of lightning (3/15)
 m - a wand of hasting (2/9)
 n - a wand of iceblast (4/15)
 r - a wand of iceblast (3/15)
 y - a wand of digging (17/24)
 J - a wand of paralysis (0/24)
 X - a wand of enslavement (13/24)
Scrolls
 g - a scroll of blinking
 j - 10 scrolls of remove curse
 k - 2 scrolls of teleportation
 t - 3 scrolls of immolation
 u - 2 scrolls of magic mapping
 v - 3 scrolls of fear
 B - a scroll of fog
 M - 2 scrolls of identify
Potions
 f - 3 potions of flight
 h - 3 potions of haste
 o - 7 potions of brilliance
 q - 2 potions of ambrosia
 F - a potion of lignification
 I - 3 potions of magic
 N - 2 potions of cancellation
 Z - a potion of berserk rage
Books
 i - a book of Geomancy

   Spells                             Type                      Level
   a - Sandblast                      Earth                        1
   b - Passwall                       Transmutation/Earth          2
   c - Stone Arrow                    Conjuration/Earth            3
   d - Petrify                        Transmutation/Earth          4
   e - Lee's Rapid Deconstruction     Earth                        5
 E - the Volume of Enchanting Summoning
   (You found it on level 5 of the Pits of Slime)

   Spells                             Type                      Level
   a - Slow                           Hexes                        2
   b - Inner Flame                    Hexes/Fire                   3
   c - Gell's Gravitas                Hexes/Translocation          3
   d - Summon Demon                   Summoning                    5
   e - Summon Hydra                   Summoning                    7
Miscellaneous
 D - a lamp of fire
Comestibles
 p - 19 fruits
 K - 9 royal jellies
 P - 8 bread rations


   Skills:
 * Level 6.3 Fighting
 - Level 12.4 Short Blades
 - Level 15.8 Dodging
 * Level 18.6 Stealth
 - Level 8.5 Shields
 - Level 6.4 Spellcasting
 - Level 3.4 Conjurations
 + Level 10.5 Transmutations
 - Level 3.1 Air Magic
 + Level 7.4 Earth Magic
 - Level 4.0 Poison Magic
   Level 6.6 Invocations
 + Level 12.2 Evocations


You had 12 spell levels left.
You knew the following spells:

 Your Spells              Type           Power        Failure   Level  Hunger
c - Mephitic Cloud        Conj/Pois/Air  ###.....     10%         3    #......
f - Petrify               Tmut/Erth      #####...     2%          4    ###....
p - Passwall              Tmut/Erth      #####.....   1%          2    None
s - Statue Form           Tmut/Erth      #####....    38%         6    ######.


Dungeon Overview and Level Annotations

Branches:
Dungeon (15/15)            Temple (1/1) D:6            Lair (6/6) D:10
  Swamp (2/4) Lair:2       Spider (1/4) Lair:4        Slime (5/5) Lair:6
    Orc (2/2) D:10         Vaults (1/5) D:14         Depths (0/5) D:15
    Elf: Orc:2

Altars:
Ashenzari
Cheibriados
Dithmenos
Elyvilon
Fedhas
Gozag
Hepliaklqana
Kikubaaqudgha
Makhleb
Nemelex Xobeh
Okawaru
Qazlal
Ru
Sif Muna
Trog
Uskayaw
Vehumet
Xom
Yredelemnul
Zin
The Shining One
Beogh
Jiyva

Shops:
D:4 }   D:5 *   D:6 ?   D:7 }   D:12 [   Orc:2 ([

Annotations:
D:15 exclusion: Roxanne, Roxanne
Lair:1 exclusion: oklob plant
Spider:1 DarkTechnomancer's ghost, journeyman DgFE
Slime:5 Royal Jelly
Orc:2 Saint Roka


Innate Abilities, Weirdness & Mutations

You are very small and have problems with some larger weapons.
You are too small for most types of armour.
You have supernaturally acute eyesight. (SInv)
You are a herbivore.
You cover ground extremely quickly.
You need consume almost no food.
You possess an exceptional clarity of mind.
Your flesh is heat resistant. (rF+)
You are resistant to hostile enchantments. (MR+)


Message History

The arrow hits the frost giant!!
The arrow disappears in a puff of smoke!
The deep elf master archer shoots an arrow.
The arrow disappears in a puff of smoke!
The orc warlord roars a battlecry!
The orc warriors go into a battle-frenzy!
The deep elf master archer shoots an arrow.
The arrow disappears in a puff of smoke!
There is a gate leading back out of this place, spattered with blood here.
You flicker back into view.
The deep elf master archer shoots an arrow.
The arrow completely misses you.
The arrow disappears in a puff of smoke!
The orc warrior throws a tomahawk.
You reflect the tomahawk off an invisible shield around you!
The tomahawk hits the orc warrior!
The tomahawk disappears in a puff of smoke!
You block the warg's attack.
The frost giant hits you with a battleaxe of freezing!!!
You die...

..................
§§..................
§...................§
..§.................9#§.§
.....#................§§..
§.....#...................
...........∩............#
........................#
...........@C...8.......#
............h...o......8##
#...................p.....
.............e.#o.........
...§...................8##
§..§.............e...o....
§§§§.............o8§§.§.§.
§§§.....#.....o..8.§o§...#
§§§§....#........§§§§o§§§§


You could see an orc warlord, a frost giant, 2 deep elf master archers, a
crystal guardian, a warg, 3 orc warriors and 2 saltlings.

Vanquished Creatures
  A deep elf blademaster (Swamp:2)
  2 sphinxes
  An acid blob (Slime:5)
  An azure jelly (Slime:1)
  2 fire giants
  A vault warden (Vaults:1)
  2 orc warlords
  4 stone giants
  2 fire dragons
  Josephine (Orc:2)
  A merfolk impaler (Orc:2)
  3 yaktaur captains
  The ghost of Danteric the Carver, a journeyman MiFi of Fedhas (D:10)
  A vault guard (D:14)
  12 hydras
  An ice dragon (D:15)
  2 catoblepae
  A death knight (D:13)
  6 centaur warriors
  A tengu warrior (Desolation)
  2 deep elf knights (Swamp:2)
  An orc high priest (Orc:2)
  A fire crab (shapeshifter) (Vaults:1)
  A deep troll (D:15)
  2 unseen horrors
  2 wizards (D:14)
  A swamp dragon (Swamp:2)
  A harpy (Vaults:1)
  2 lindwurms
  4 necromancers
  A phantasmal warrior (D:13)
  3 orc knights
  4 hill giants
  3 orc sorcerers
  5 deep elf magi
  2 manticores
  A shining eye (Slime:1)
  17 ugly things
  3 wolf spiders
  3 cyclopes
  10 black mambas
  18 elephants
  3 molten gargoyles (Lair:6)
  4 freezing wraiths
  5 spiny frogs
  2 kobold demonologists (D:15)
  11 komodo dragons
  8 rime drakes
  An efreet (D:15)
  3 yaktaurs
  A yaktaur (shapeshifter) (Vaults:1)
  4 tengu conjurers
  9 trolls
  A polar bear (Lair:6)
  3 merfolk (Orc:2)
  7 meliai
  A queen bee (D:12)
  A queen bee (shapeshifter) (Vaults:1)
  A two-headed ogre (D:13)
  Grinder (D:5)
  2 hornets (Swamp:1)
  Prince Ribbit (D:6)
  4 dream sheep (Lair:6)
  A harpy skeleton (D:13)
  11 blink frogs
  9 slime creatures
  9 hippogriffs
  A meliai zombie (D:14)
  2 redbacks
  3 spriggans
  4 shadows
  2 centaur simulacra (D:15)
  A spriggan (shapeshifter) (D:15)
  8 wraiths
  7 basilisks
  2 tarantellas (Spider:1)
  18 humans (D:14)
  28 yaks
  7 wyverns
  A yak (shapeshifter) (D:14)
  A steam dragon (Lair:6)
  2 vampire mosquitoes (D:14)
  2 hungry ghosts
  Menkaure (D:6)
  5 mottled dragons
  4 swamp worms
  2 wargs
  A soldier ant (shapeshifter) (D:11)
  4 hell hounds (Lair:6)
  Duvessa (D:6)
  5 porcupines
  12 water moccasins
  28 orc warriors
  5 sky beasts
  3 phantoms
  2 swamp drakes (Swamp:1)
  5 ice beasts
  A necrophage (D:5)
  18 centaurs
  14 ogres
  21 wolves
  10 crocodiles
  5 big kobolds
  18 bullfrogs
  A gnoll sergeant (D:13)
  A wyvern skeleton (D:13)
  Dowan (D:6)
  3 scorpions
  32 killer bees
  6 howler monkeys
  10 wights
  4 lava snakes (Lair:6)
  10 crimson imps
  4 centaur zombies
  3 bullfrog zombies
  2 quasits
  5 hounds
  13 orc priests
  7 jellies
  22 orc wizards
  8 centaur skeletons
  Jessica (D:2)
  2 bullfrog skeletons
  8 worker ants
  Terence (D:2)
  11 hell rats
  Ijyb (D:3)
  5 iguanas
  2 hound zombies
  16 gnolls
  6 adders
  A howler monkey skeleton (D:5)
  2 river rats (D:4)
  5 shadow imps
  An ooze (D:6)
  2 adder zombies (D:8)
  A worm (D:4)
  2 dart slugs
  8 leopard geckos
  98 orcs
  3 giant cockroaches
  6 goblins
  5 hobgoblins
  10 jackals
  6 quokkas
  9 ball pythons
  2 bats
  4 frilled lizards
  19 kobolds
  4 rats
  A fungus (Lair:5)
  5 plants (Sewer)
869 creatures vanquished.

Vanquished Creatures (collateral kills)
  3 titans
  A frost giant (Desolation)
  A vault warden (Vaults:1)
  An alligator (Swamp:1)
  An orc knight (Vaults:1)
  A vault sentinel (Vaults:1)
  A tyrant leech (Swamp:1)
  A slime creature (Vaults:1)
  An orc (Vaults:1)
11 creatures vanquished.

Vanquished Creatures (others)
  3 acid blobs
  Nessos (Orc:2)
  A minotaur (Lair:5)
  A death ooze (Slime:4)
  A centaur warrior (Orc:2)
  3 lindwurms (D:9)
  A shining eye (Slime:5)
  A cyclops (D:12)
  A merfolk (Lair:5)
  15 slime creatures
  A bog body (Swamp:2)
  A wraith (Orc:1)
  4 golden eyes (Slime:5)
  2 swamp worms (Swamp:2)
  3 centaurs (D:12)
  3 orc priests (Orc:2)
  3 orc wizards (Orc:2)
  37 jellies
  6 orcs (Orc:2)
  A bush (Lair:5)
  11 fungi
  11 plants
111 creatures vanquished.

Grand Total: 991 creatures vanquished

Notes
Turn   | Place    | Note
-------+----------+-------------------------------------------
     0 | D:1      | Grinner the Spriggan Fighter began the quest for the Orb.
     0 | D:1      | Reached XP level 1. HP: 11/11 MP: 2/2
   555 | D:1      | Reached XP level 2. HP: 16/16 MP: 3/3
   753 | D:2      | Noticed Terence
   766 | D:2      | Killed Terence
   766 | D:2      | Reached skill level 1 in Stealth
   766 | D:2      | Reached XP level 3. HP: 19/19 MP: 4/4
   879 | D:2      | Noticed Jessica
   885 | D:2      | Killed Jessica
   885 | D:2      | Reached skill level 5 in Dodging
   990 | D:2      | Reached XP level 4. HP: 23/23 MP: 5/5
  1486 | D:4      | Found Fauteso's Gadget Shop.
  1521 | D:4      | Reached skill level 2 in Stealth
  1603 | D:4      | Found a glowing drain.
  1613 | D:4      | Reached XP level 5. HP: 27/27 MP: 6/6
  1621 | Sewer    | Entered a sewer
  3046 | D:4      | Reached skill level 3 in Stealth
  3097 | D:4      | Reached XP level 6. HP: 27/32 MP: 7/7
  3187 | D:4      | Reached skill level 4 in Stealth
  3271 | D:4      | You fall through a shaft for 3 floors!
  3301 | D:7      | Found Cobb's Gadget Shoppe.
  3302 | D:7      | Noticed a sky beast
  3356 | D:7      | Killed a sky beast
  3356 | D:7      | Reached XP level 7. HP: 21/35 MP: 8/8
  3409 | D:7      | Reached skill level 5 in Stealth
  3681 | D:6      | Reached skill level 5 in Shields
  3698 | D:6      | Noticed Duvessa
  3699 | D:6      | Noticed Dowan
  3702 | D:6      | Found an opulent altar of Gozag.
  3720 | D:6      | Killed Duvessa
  3720 | D:6      | Reached skill level 5 in Short Blades
  3720 | D:6      | Reached skill level 6 in Stealth
  3720 | D:6      | Reached XP level 8. HP: 39/39 MP: 9/9
  3761 | D:6      | Killed Dowan
  3884 | D:5      | Entered Level 5 of the Dungeon
  3960 | D:5      | Found Maca's General Store.
  3967 | D:5      | Bought a scroll of teleportation for 30 gold pieces
  3967 | D:5      | Bought a scroll of identify for 20 gold pieces
  3967 | D:5      | Bought a potion of degeneration for 10 gold pieces
  3997 | D:5      | Noticed Grinder
  4009 | D:5      | Killed Grinder
  4025 | D:5      | Reached skill level 7 in Stealth
  4680 | D:4      | Reached XP level 9. HP: 43/43 MP: 10/10
  4833 | D:3      | Noticed Ijyb
  4845 | D:3      | Killed Ijyb
  5116 | D:3      | Found a snail-covered altar of Cheibriados.
  5130 | D:3      | Found a shimmering altar of Xom.
  5133 | D:3      | Found a basalt altar of Yredelemnul.
  5136 | D:3      | Found a hazy altar of Hepliaklqana.
  5460 | D:6      | Found Hunual's Magic Scroll Boutique.
  5468 | D:6      | Bought a scroll of enchant weapon for 112 gold pieces
  5500 | D:6      | Noticed Prince Ribbit
  5512 | D:6      | Noticed Menkaure
  5521 | D:6      | Killed Prince Ribbit
  5521 | D:6      | Reached skill level 8 in Stealth
  5553 | D:6      | Found a staircase to the Ecumenical Temple.
  5613 | D:6      | Killed Menkaure
  5766 | D:6      | Gained mutation: Your muscles are strong. (Str +2) [potion of beneficial mutation]
  5772 | D:6      | Gained mutation: You have a pair of small horns on your head. [potion of beneficial mutation]
  5800 | D:6      | Found a sparkling altar of Nemelex Xobeh.
  6256 | Temple   | Entered the Ecumenical Temple
  6381 | Temple   | Became a worshipper of Warmaster Okawaru
  6823 | D:8      | Reached skill level 9 in Stealth
  7047 | D:8      | Reached * piety under Okawaru
  7485 | D:8      | Reached skill level 10 in Dodging
  7576 | D:8      | Reached XP level 10. HP: 45/47 MP: 11/11
  7831 | D:9      | Reached ** piety under Okawaru
  7835 | D:9      | Noticed a lindwurm
  7845 | D:9      | Reached skill level 10 in Stealth
  8125 | D:9      | Noticed a lindwurm
  8131 | D:9      | Noticed a lindwurm
  8143 | D:9      | Noticed a lindwurm
  8214 | D:9      | Killed a lindwurm
  8214 | D:9      | Reached *** piety under Okawaru
  8225 | D:9      | Got a shimmering bone ring
  8254 | D:9      | Identified the ring "Pihoc" {rN++ MP+9} (You found it on level 9 of the Dungeon)
  8730 | D:9      | Got a shimmering mace
  8738 | D:9      | Got a scorched shortbow
  8749 | D:10     | Entered Level 10 of the Dungeon
  8750 | D:10     | Identified the +8 mace of Ysuk {freeze, rC+ Str+2 Stlth-} (You found it on level 9 of the Dungeon)
  8759 | D:10     | Identified the +3 shortbow "Rexarui" {speed, Int+7} (You found it on level 9 of the Dungeon)
  8831 | D:10     | Reached skill level 11 in Stealth
  8902 | D:10     | Found a staircase to the Orcish Mines.
  8903 | D:10     | Found a staircase to the Lair.
  9128 | D:10     | Noticed a hill giant
  9155 | D:10     | Killed a hill giant
  9155 | D:10     | Reached **** piety under Okawaru
  9155 | D:10     | Reached XP level 11. HP: 51/51 MP: 12/12
  9289 | D:10     | Noticed Danteric's ghost (journeyman MiFi)
  9381 | D:10     | Killed Danteric's ghost
  9381 | D:10     | Reached skill level 12 in Stealth
  9596 | Lair:1   | Entered Level 1 of the Lair of Beasts
  9836 | Orc:1    | Entered Level 1 of the Orcish Mines
 10146 | Orc:1    | Found a roughly hewn altar of Beogh.
 10318 | Orc:2    | Entered Level 2 of the Orcish Mines
 10419 | Orc:1    | Reached ***** piety under Okawaru
 10581 | Orc:2    | Noticed an orc sorcerer
 10623 | Orc:2    | Noticed an orc knight
 10806 | D:11     | Received a gift from Okawaru
 10806 | D:11     | Reached skill level 10 in Short Blades
 10866 | D:11     | Reached skill level 13 in Stealth
 11129 | D:11     | Received a gift from Okawaru
 11458 | D:11     | Learned a level 2 spell: Passwall
 11463 | D:11     | Learned a level 4 spell: Petrify
 11850 | D:12     | Reached skill level 1 in Transmutations
 11854 | D:12     | Noticed a cyan ugly thing
 11863 | D:12     | Noticed a five-headed hydra
 11904 | D:12     | Killed a cyan ugly thing
 11904 | D:12     | Reached skill level 1 in Earth Magic
 12003 | D:13     | Noticed a catoblepas
 12036 | D:13     | Killed a catoblepas
 12081 | D:13     | Reached XP level 12. HP: 55/56 MP: 13/13
 12268 | D:13     | Noticed a death knight
 12664 | D:13     | Reached skill level 14 in Stealth
 13314 | D:12     | Noticed a fire giant
 13719 | D:4      | Bought a +0 rod of clouds (10/10) for 1050 gold pieces
 13886 | Lair:1   | Found a white marble altar of Elyvilon.
 14155 | Lair:1   | Reached skill level 1 in Evocations
 14159 | Lair:1   | Reached skill level 1 in Invocations
 14868 | Lair:2   | Found a staircase to the Swamp.
 14942 | Lair:2   | Noticed a four-headed hydra
 14945 | Lair:2   | Killed a four-headed hydra
 15084 | Lair:2   | Reached ****** piety under Okawaru
 15084 | Lair:2   | Received a gift from Okawaru
 15084 | Lair:2   | Reached skill level 1 in Spellcasting
 15653 | Lair:3   | Noticed an eight-headed hydra
 15825 | Lair:3   | Reached skill level 5 in Transmutations
 16343 | Lair:3   | Killed an eight-headed hydra
 16372 | Lair:4   | Found a hole to the Spider Nest.
 16782 | Lair:4   | Received a gift from Okawaru
 16938 | Lair:4   | Reached skill level 5 in Evocations
 17025 | Lair:4   | Reached XP level 13. HP: 40/59 MP: 17/17
 17380 | Lair:5   | Learned a level 6 spell: Statue Form
 17384 | Lair:5   | Learned a level 3 spell: Mephitic Cloud
 17694 | Lair:5   | Reached skill level 15 in Stealth
 17834 | Lair:5   | Gained mutation: You are agile. (Dex +2) [potion of mutation]
 17834 | Lair:5   | Gained mutation: You are very agile. (Dex +4) [potion of mutation]
 18199 | Lair:6   | Entered Level 6 of the Lair of Beasts
 18199 | Lair:6   | Found an ancient bone altar of Kikubaaqudgha.
 18201 | Lair:6   | Received a gift from Okawaru
 18204 | Lair:6   | Got an ichor-stained robe {god gift}
 18215 | Lair:6   | Identified the +1 robe "Fezi" {Dex+3 Slay+2} (Okawaru gifted it to you on level 6 of the Lair of Beasts)
 20436 | D:12     | Found Seoss's Antique Armour Shoppe.
 20546 | D:12     | Reached skill level 5 in Earth Magic
 20851 | D:12     | Killed a fire giant
 20851 | D:12     | Reached skill level 5 in Invocations
 20891 | D:12     | Noticed an orc warlord
 21192 | D:12     | Killed an orc warlord
 21192 | D:12     | Received a gift from Okawaru
 21251 | D:12     | Noticed a sphinx
 21818 | D:13     | Reached XP level 14. HP: 57/63 MP: 22/22
 21854 | D:13     | Reached skill level 15 in Dodging
 22175 | D:13     | Lost mutation: Your muscles are strong. (Str +2) [potion of mutation]
 22176 | D:13     | Gained mutation: You passively map a small area around you. [potion of mutation]
 22176 | D:13     | Lost mutation: You are very agile. (Dex +4) [potion of mutation]
 22592 | D:14     | Reached skill level 5 in Spellcasting
 22616 | D:14     | Gained mutation: You are resistant to hostile enchantments. (MR+) [potion of beneficial mutation]
 23390 | D:14     | Reached skill level 16 in Stealth
 24196 | D:14     | Found a gate to the Vaults.
 24283 | D:15     | Entered Level 15 of the Dungeon
 24301 | D:15     | Reached skill level 10 in Evocations
 24441 | D:15     | Received a gift from Okawaru
 24660 | D:15     | Noticed Roxanne
 24759 | D:15     | Noticed a fire giant
 24773 | D:15     | Killed a fire giant
 24832 | D:15     | Got a brightly glowing rapier
 24837 | D:15     | Identified the +1 rapier "Maheis" {flame, +Rage +Fly Int+6} (You found it on level 15 of the Dungeon)
 24923 | D:15     | Received a gift from Okawaru
 25560 | D:15     | Reached skill level 1 in Poison Magic
 25585 | D:15     | Reached XP level 15. HP: 36/67 MP: 25/25
 25763 | D:15     | Found a staircase to the Depths.
 26058 | D:14     | Reached skill level 1 in Air Magic
 26432 | D:12     | Reached skill level 1 in Conjurations
 26522 | D:12     | Killed a sphinx
 27227 | D:6      | Bought a scroll of enchant armour for 112 gold pieces
 28577 | Lair:5   | Reached skill level 17 in Stealth
 28774 | Lair:6   | Received a gift from Okawaru
 29003 | Lair:6   | Found a staircase to the Slime Pits.
 29099 | Lair:6   | Received a gift from Okawaru
 29135 | Lair:6   | Found a large runed door.
 29135 | Lair:6   | Found a large runed door.
 29988 | Slime:1  | Entered Level 1 of the Pits of Slime
 30256 | Slime:1  | Noticed an azure jelly
 30264 | Slime:1  | Killed an azure jelly
 30269 | Slime:2  | Noticed an acid blob
 30282 | Slime:4  | Noticed an azure jelly
 30286 | Slime:5  | Entered Level 5 of the Pits of Slime
 30286 | Slime:5  | Noticed an azure jelly
 30295 | Slime:5  | Noticed an acid blob
 30302 | Slime:5  | Killed an acid blob
 30314 | Slime:5  | Noticed an acid blob
 30329 | Slime:5  | Noticed an acid blob
 30331 | Slime:5  | Noticed an acid blob
 30332 | Slime:5  | Found a viscous altar of Jiyva.
 30332 | Slime:5  | Gained mutation: Your magical capacity is low. (-10% MP) [a shining eye]
 30333 | Slime:5  | Noticed an azure jelly
 30334 | Slime:5  | Fell from the grace of Okawaru
 30334 | Slime:5  | Became a worshipper of Jiyva Jeaceth the Shapeless
 30354 | Slime:5  | Noticed an acid blob
 30374 | Slime:5  | Killed an acid blob
 30568 | Lair:6   | Reached * piety under Jiyva
 30589 | Lair:6   | Reached ** piety under Jiyva
 30603 | Lair:6   | Noticed a titan
 30603 | Lair:6   | Noticed a titan
 30991 | Orc:2    | Noticed an orc warlord
 31203 | Orc:1    | Reached *** piety under Jiyva
 31390 | Orc:2    | Noticed Donald
 31390 | Orc:2    | Killed an orc warlord
 31443 | Orc:2    | Noticed Josephine
 31445 | Orc:2    | Reached **** piety under Jiyva
 31539 | Orc:2    | Lost mutation: Your magical capacity is low. (-10% MP) [Jiyva's grace]
 31568 | Orc:2    | Reached ***** piety under Jiyva
 31568 | Orc:2    | Gained mutation: You are resistant to electric shocks. (rElec) [Jiyva's grace]
 31577 | Orc:2    | Gained mutation: You possess an exceptional clarity of mind. [Jiyva's grace]
 31616 | Orc:2    | Gained mutation: Armour fits poorly on your pseudopods. [Jiyva's grace]
 31622 | Orc:2    | Noticed Saint Roka
 31632 | Orc:2    | HP: 2/71 [Saint Roka/divine providence (12)]
 31741 | Orc:1    | Reached ****** piety under Jiyva
 32194 | D:12     | Lost mutation: You have a pair of small horns on your head. [Jiyva's grace]
 32240 | D:12     | Gained mutation: You have a small jelly attached to you that may absorb incoming projectiles. [Jiyva's grace]
 32353 | D:12     | Lost mutation: Armour fits poorly on your pseudopods. [Jiyva's grace]
 32458 | Orc:2    | Killed Josephine
 32483 | Orc:1    | Reached skill level 5 in Fighting
 32503 | Orc:1    | Slimified Donald
 32503 | Orc:1    | Noticed Donald
 32503 | Orc:1    | Donald changed into Donald the slime creature
 32504 | Orc:1    | Lost mutation: You have a small jelly attached to you that may absorb incoming projectiles. [Jiyva's grace]
 33054 | Orc:2    | Lost mutation: You are agile. (Dex +2) [Jiyva's grace]
 33130 | Orc:2    | Noticed Nessos
 33149 | Orc:2    | Killed Nessos
 33165 | Orc:2    | Noticed a frost giant
 33165 | Orc:2    | Noticed a frost giant
 33169 | Orc:2    | Found Ohaaguadgh's Antique Weapon Shoppe.
 33169 | Orc:2    | Found Edydymn's Antique Armour Shoppe.
 33532 | Slime:5  | Lost mutation: You passively map a small area around you. [Jiyva's grace]
 33538 | Slime:5  | Noticed the Royal Jelly
 33539 | Slime:5  | Gained mutation: Your flesh is heat resistant. (rF+) [Jiyva's grace]
 33549 | Slime:5  | Gained mutation: Your translucent skin slightly reduces your foes' accuracy. (Stealth) [Jiyva's grace]
 33552 | Slime:5  | Identified the Volume of Enchanting Summoning
 33564 | Slime:5  | Noticed an acid blob
 33577 | Slime:5  | Got a heavily runed wooden ring
 33587 | Slime:5  | Got a slimy rune of Zot
 33589 | Slime:5  | Got a coiled jade ring
 33589 | Slime:5  | Killed an acid blob
 33590 | Slime:5  | Identified the ring of Cisimez {MR+ Str+7 Int+5 Dex+4} (You found it on level 5 of the Pits of Slime)
 33591 | Slime:5  | Identified the ring "Dezearr" {Wiz Dex+5} (You found it on level 5 of the Pits of Slime)
 33596 | Slime:5  | Got a transparent hunting sling
 33597 | Slime:5  | Identified the cursed +1 hunting sling "Katsept" {velocity, rC- Dex+4} (You found it on level 5 of the Pits of Slime)
 33804 | Lair:5   | Noticed an acid blob
 33804 | Lair:5   | a merfolk impaler changed into an acid blob
 33812 | Lair:5   | Killed an acid blob
 33930 | Lair:4   | Reached XP level 16. HP: 76/76 MP: 26/26
 33961 | Spider:1 | Entered Level 1 of the Spider Nest
 33965 | Spider:1 | Noticed DarkTechnomancer's ghost (journeyman DgFE)
 34018 | Lair:4   | Noticed a titan
 34257 | Swamp:1  | Entered Level 1 of the Swamp
 34287 | Swamp:1  | Reached skill level 18 in Stealth
 34607 | Swamp:1  | Lost mutation: Your translucent skin slightly reduces your foes' accuracy. (Stealth) [Jiyva's grace]
 34774 | Swamp:2  | Lost mutation: You are resistant to electric shocks. (rElec) [Jiyva's grace]
 34910 | Swamp:2  | Noticed a titan
 34910 | Swamp:2  | Noticed a titan
 34910 | Swamp:2  | Noticed a deep elf blademaster
 34914 | Swamp:2  | Killed a titan
 34914 | Swamp:2  | Was placed under penance by Jiyva
 34921 | Swamp:2  | Killed a deep elf blademaster
 34923 | Swamp:2  | Killed a titan
 35485 | Vaults:1 | Entered Level 1 of the Vaults
 35573 | Vaults:1 | Reached skill level 10 in Transmutations
 35623 | Vaults:1 | Noticed a sphinx
 35630 | Vaults:1 | Killed a sphinx
 35787 | Vaults:1 | Found a ruined gateway.
 35816 | Desolati | Entered the Desolation of Salt
 35979 | Desolati | Noticed a titan
 35998 | Desolati | Killed a titan
 36024 | Desolati | Noticed a deep elf master archer
 36024 | Desolati | Noticed a deep elf master archer
 36030 | Desolati | Demolished by a frost giant

Skill      XL: |  1  2  3  4  5  6  7  8  9 10 11 12 13 14 15 16 |
---------------+-------------------------------------------------+-----
Stealth        | 1 2 3 4 6 7 9 11 13 14 15 16 17 18 | 18.6
Dodging        | 5 6 7 8 10 11 13 14 15 | 15.8
Shields        | 3 4 5 6 7 8 |  8.5
Short Blades   | 3 4 5 6 7 8 10 11 12 | 12.4
Transmutations | 2 5 7 8 9 10 | 10.5
Earth Magic    | 2 4 5 6 7 |  7.4
Evocations     | 5 8 10 11 12 | 12.2
Invocations    | 3 5 6 |  6.6
Spellcasting   | 2 4 6 |  6.4
Poison Magic   | 1 4 |  4.0
Air Magic      | 3 |  3.1
Fighting       | 5 6 |  6.3
Conjurations   | 3 |  3.4

Action                   |  1- 3 |  4- 6 |  7- 9 | 10-12 | 13-15 | 16-18 || total
-------------------------+-------+-------+-------+-------+-------+-------++-------
Melee: Rapier            |    28 |    55 |    36 |       |  1181 |   182 ||  1482
       Dagger            |    26 |   668 |   409 |  1084 |  1060 |       ||  3247
       Short sword       |       |       |    17 |       |       |       ||    17
       Headbutt          |       |       |    20 |   263 |   622 |       ||   905
       Pseudopods        |       |       |       |       |     8 |       ||     8
 Fire: Blowgun           |       |       |       |       |     2 |       ||     2
 Cast: Petrify           |       |       |       |     2 |    14 |       ||    16
       Passwall          |       |       |       |     2 |       |       ||     2
       Mephitic Cloud    |       |       |       |       |     2 |       ||     2
Invok: Slimify           |       |       |       |       |     7 |       ||     7
 Abil: Evoke Flight      |       |       |       |     2 |       |     1 ||     3
Evoke: Wand              |       |       |       |    23 |    31 |     3 ||    57
       Lamp of fire      |       |       |       |     1 |     2 |       ||     3
       Rod               |       |       |       |     4 |    14 |       ||    18
  Use: Potion            |       |     1 |     9 |     5 |    16 |     7 ||    38
       Scroll            |       |       |    13 |    10 |    24 |    10 ||    57
 Stab: Sleeping          |     3 |     8 |    31 |    48 |    38 |    22 ||   150
       Distracted        |       |       |     1 |     7 |    24 |       ||    32
       Paralysed         |       |       |       |     2 |    14 |       ||    16
       Petrifying        |       |       |       |     1 |     1 |       ||     2
       Petrified         |       |       |       |     1 |     1 |       ||     2
       Confused          |       |       |       |     1 |     7 |       ||     8
       Invisible         |       |       |       |       |       |     4 ||     4
  Eat: Fruit             |       |     1 |       |     1 |     5 |       ||     7
       Pizza             |       |       |     1 |     1 |     2 |       ||     4
       Bread ration      |       |       |     1 |     1 |     3 |       ||     5
       Royal jelly       |       |       |     1 |       |     1 |       ||     2
Armor: Robe              |     3 |    10 |    18 |     1 |    67 |     7 ||   106
       Troll leather arm |       |       |       |    21 |       |       ||    21
Dodge: Dodged            |    30 |   142 |   201 |   413 |   830 |   139 ||  1755
Block: Buckler           |    16 |    52 |   108 |   246 |   935 |   119 ||  1476
       Reflection        |       |       |       |     1 |    42 |    12 ||    55
